| TOP OF THE 1ST |
|---|
| Spokane Indians batting - Pitching for Tucson Toros : RHP Ray Burris | | Pitching: RHP Ray Burris | | | Batting: RHB Bobby Valentine | 0-0: Fly out, F9 (Flyball, 9LM) | | Batting: RHB Ron Theobald | 0-0: Foul Ball, location: 2F 0-1: Swinging Strike 0-2: Strikes out swinging | | Batting: LHB Royle Stillman | 0-0: Ball 1-0: Foul Ball, location: 2F 1-1: Ball 2-1: Ball 3-1: DOUBLE (Line Drive, 9LM) | | Batting: RHB Chris Speier | 0-0: Fly out, F4 (Line Drive, 4MD) | | Top of the 1st over - 0 runs, 1 hit, 0 errors, 1 left on base; Spokane 0 - Tucson 0 | | BOTTOM OF THE 1ST |
|---|
| Tucson Toros batting - Pitching for Spokane Indians : RHP Sandy Vance | | Pitching: RHP Sandy Vance | | | Batting: LHB Scott Reid | 0-0: Ball 1-0: Called Strike 1-1: Ball 2-1: Foul Ball, location: 2F 2-2: Ball 3-2: Strikes out swinging | | Batting: RHB Jim Unknown | 0-0: Ball 1-0: Swinging Strike 1-1: Ball 2-1: SINGLE (Groundball, 4MD) | | Batting: RHB Brian Downing | 0-0: Ball 1-0: SINGLE (Line Drive, 78S) Jim Unknown to second | | Batting: LHB Mitchell Page | 0-0: Foul Ball, location: 2F 0-1: Foul Ball, location: 2F 0-2: Ball 1-2: Fly out, F8 (Flyball, 8LM) | | Batting: RHB Ossie Blanco | 0-0: Fly out, F3 (Popup, 3S) | | Bottom of the 1st over - 0 runs, 2 hits, 0 errors, 2 left on base; Spokane 0 - Tucson 0 | | TOP OF THE 2ND |
|---|
| Spokane Indians batting - Pitching for Tucson Toros : RHP Ray Burris | | Batting: SHB Bob Stinson | 0-0: Foul Ball, location: 2F 0-1: SINGLE (Line Drive, 56D) | | Batting: RHB Stan Swanson | 0-0: Foul Ball, location: 2F 0-1: Ball 1-1: Swinging Strike 1-2: Ball 2-2: Foul Ball, location: 2F 2-2: SINGLE (Groundball, 6) (infield hit) Bob Stinson to second | | Batting: LHB Jerry Feldman | 0-0: Ball 1-0: Ball 2-0: Called Strike 2-1: SINGLE (Line Drive, 7S) Bob Stinson to third Stan Swanson to second | | Batting: RHB Tommy Davis | 0-0: Ball 1-0: Fly out, F9 (Line Drive, 9) Runner from 3rd tags up, SCORES, throw made | | Batting: RHB Felipe Alou | 0-0: Swinging Strike 0-1: SINGLE (Groundball, 6D) Stan Swanson to third Jerry Feldman to second Runner from 3rd tries for Home, SAFE, no throw | | Batting: RHB Bobby Valentine | 0-0: Called Strike 0-1: Ball 1-1: Foul Ball, location: 2F 1-2: Foul Ball, location: 2F 1-2: Ball 2-2: Strikes out swinging | | Batting: RHB Ron Theobald | 0-0: Ball 1-0: Ball 2-0: Swinging Strike 2-1: Ball 3-1: Called Strike 3-2: Strikes out looking | | Top of the 2nd over - 2 runs, 4 hits, 0 errors, 2 left on base; Spokane 2 - Tucson 0 | | BOTTOM OF THE 2ND |
|---|
| Tucson Toros batting - Pitching for Spokane Indians : RHP Sandy Vance | | Batting: RHB Buddy Bradford | 0-0: Ball 1-0: Swinging Strike 1-1: Called Strike 1-2: Foul Ball, location: 2F 1-2: Strikes out swinging | | Batting: RHB Ken Macha | 0-0: Ball 1-0: Foul Ball, location: 2F 1-1: Foul Ball, location: 2F 1-2: DOUBLE (Flyball, 8LXD) | | Batting: RHB Jim Unknown | 0-0: Called Strike 0-1: Ball 1-1: Foul Ball, location: 2F 1-2: Fly out, F8 (Flyball, 8LS) | | Batting: LHB Roger Repoz | 0-0: Foul Ball, location: 2F 0-1: Called Strike 0-2: Ball 1-2: Foul Ball, location: 2F 1-2: Ball 2-2: Ball 3-2: Foul Ball, location: 2F 3-2: Base on Balls | | Batting: LHB Scott Reid | 0-0: Ball 1-0: Swinging Strike 1-1: Fly out, F9 (Flyball, 89M) | | Bottom of the 2nd over - 0 runs, 1 hit, 0 errors, 2 left on base; Spokane 2 - Tucson 0 | | TOP OF THE 3RD |
|---|
| Spokane Indians batting - Pitching for Tucson Toros : RHP Ray Burris | | Batting: LHB Royle Stillman | 0-0: Ball 1-0: Ball 2-0: Ball 3-0: Called Strike 3-1: Fly out, F7 (Flyball, 78M) | | Batting: RHB Chris Speier | 0-0: Reached on error, E6 (Groundball, 6) | | Batting: SHB Bob Stinson | 0-0: Called Strike 0-1: Ball 1-1: Swinging Strike 1-2: Ball 2-2: Foul Ball, location: 2F 2-2: Foul Ball, location: 2F 2-2: Ball 3-2: Strikes out swinging | | Batting: RHB Stan Swanson | 0-0: Called Strike 0-1: Swinging Strike 0-2: Fielders Choice at 2nd, 6-4 (Groundball, 6) | | Top of the 3rd over - 0 runs, 0 hits, 1 error, 1 left on base; Spokane 2 - Tucson 0 | | BOTTOM OF THE 3RD |
|---|
| Tucson Toros batting - Pitching for Spokane Indians : RHP Sandy Vance | | Batting: RHB Jim Unknown | 0-0: Ball 1-0: SINGLE (Line Drive, 4D) | | Batting: RHB Brian Downing | 0-0: Foul Ball, location: 2F 0-1: Ball 1-1: Called Strike 1-2: Fly out, F3 (Popup, 3S) | | Batting: LHB Mitchell Page | 0-0: Ball 1-0: Grounds into double play, 6-4-3 (Groundball, 6) | | Bottom of the 3rd over - 0 runs, 1 hit, 0 errors, 0 left on base; Spokane 2 - Tucson 0 | | TOP OF THE 4TH |
|---|
| Spokane Indians batting - Pitching for Tucson Toros : RHP Ray Burris | | Batting: LHB Jerry Feldman | 0-0: Ball 1-0: Ball 2-0: Foul Ball, location: 2F 2-1: Ball 3-1: Base on Balls | | Batting: RHB Tommy Davis | 0-0: Called Strike 0-1: Ball 1-1: Ball 2-1: Called Strike 2-2: Ball 3-2: Base on Balls Jerry Feldman to second | | Batting: RHB Felipe Alou | 0-0: Ball 1-0: Called Strike 1-1: Ball 2-1: Ball 3-1: Fly out, F8 (Flyball, 8RD) Runner from 2nd tags up, SAFE at 3rd with throw | | Batting: RHB Bobby Valentine | 0-0: Ball 1-0: Ball 2-0: Ground out 6-3 (Groundball, 6MS) Jerry Feldman scores Tommy Davis to second | | Batting: RHB Ron Theobald | 0-0: Ball 1-0: Ball 2-0: Fly out, F8 (Line Drive, 89D) | | Top of the 4th over - 1 run, 0 hits, 0 errors, 1 left on base; Spokane 3 - Tucson 0 | | BOTTOM OF THE 4TH |
|---|
| Tucson Toros batting - Pitching for Spokane Indians : RHP Sandy Vance | | Batting: RHB Ossie Blanco | 0-0: Swinging Strike 0-1: Foul Ball, location: 2F 0-2: Ball 1-2: Foul Ball, location: 2F 1-2: Ball 2-2: SOLO HOME RUN (Flyball, 7LD), Distance : 356 ft | | Batting: RHB Buddy Bradford | 0-0: Called Strike 0-1: SINGLE (Groundball, 56D) | | Batting: RHB Ken Macha | 0-0: Called Strike 0-1: Swinging Strike 0-2: Ball 1-2: Strikes out swinging | | Batting: RHB Jim Unknown | 0-0: Swinging Strike 0-1: Swinging Strike 0-2: SINGLE (Popup, 3D) Buddy Bradford to second Runner from 2nd tries for 3rd, SAFE, no throw | | Batting: LHB Roger Repoz | 0-0: Ball 1-0: Foul Ball, location: 2F 1-1: Ball 2-1: Ball Passed Ball! Buddy Bradford scores Jim Unknown to second 3-1: Base on Balls | | Batting: LHB Scott Reid | 0-0: Ball 1-0: Foul Ball, location: 2F 1-1: Foul Ball, location: 2F 1-2: Ground out 3-1 (Groundball, 34S) Jim Unknown to third Roger Repoz to second | | Batting: RHB Jim Unknown | 0-0: Ball 1-0: Ball 2-0: Swinging Strike 2-1: Ground out 4-3 (Groundball, 4D) | | Bottom of the 4th over - 2 runs, 3 hits, 0 errors, 2 left on base; Spokane 3 - Tucson 2 | | TOP OF THE 5TH |
|---|
| Spokane Indians batting - Pitching for Tucson Toros : RHP Ray Burris | | Batting: LHB Royle Stillman | 0-0: Ball 1-0: Ground out U3 (Groundball, 34) | | Batting: RHB Chris Speier | 0-0: Ball 1-0: SINGLE (Groundball, 6MD) | | Batting: SHB Bob Stinson | 0-0: Ball 1-0: Ball 2-0: Swinging Strike 2-1: Foul Ball, location: 2F 2-2: Foul Ball, location: 2F 2-2: Foul Ball, location: 2F 2-2: Strikes out swinging | | Batting: RHB Stan Swanson | 0-0: Foul Ball, location: 2F 0-1: Ball 1-1: Foul Ball, location: 2F 1-2: Strikes out swinging | | Top of the 5th over - 0 runs, 1 hit, 0 errors, 1 left on base; Spokane 3 - Tucson 2 | | BOTTOM OF THE 5TH |
|---|
| Tucson Toros batting - Pitching for Spokane Indians : RHP Sandy Vance | | Batting: RHB Brian Downing | 0-0: Foul Ball, location: 2F 0-1: Ball 1-1: Foul Ball, location: 2F 1-2: Foul Ball, location: 2F 1-2: Ground out 6-3 (Groundball, 6) | | Batting: LHB Mitchell Page | 0-0: Ground out 5-3 (Groundball, 25) | | Batting: RHB Ossie Blanco | 0-0: Ball 1-0: Foul Ball, location: 2F 1-1: Ball 2-1: Foul Ball, location: 2F 2-2: Foul Ball, location: 2F 2-2: Ball 3-2: Base on Balls | | Batting: RHB Buddy Bradford | 0-0: Ball 1-0: Foul Ball, location: 2F 1-1: Foul Ball, location: 2F 1-2: Foul Ball, location: 2F 1-2: Foul Ball, location: 2F 1-2: Fly out, F6 (Popup, 6) | | Bottom of the 5th over - 0 runs, 0 hits, 0 errors, 1 left on base; Spokane 3 - Tucson 2 | | TOP OF THE 6TH |
|---|
| Spokane Indians batting - Pitching for Tucson Toros : RHP Ray Burris | | Batting: LHB Jerry Feldman | 0-0: Foul Ball, location: 2F 0-1: Swinging Strike 0-2: Ball 1-2: Ball 2-2: Fly out, F7 (Flyball, 7LS) | | Batting: RHB Tommy Davis | 0-0: Called Strike 0-1: Foul Ball, location: 2F 0-2: Fly out, F9 (Flyball, 9S) | | Batting: RHB Felipe Alou | 0-0: Foul Ball, location: 2F 0-1: Swinging Strike 0-2: Ball 1-2: Foul Ball, location: 2F 1-2: Foul Ball, location: 2F 1-2: Strikes out swinging | | Top of the 6th over - 0 runs, 0 hits, 0 errors, 0 left on base; Spokane 3 - Tucson 2 | | BOTTOM OF THE 6TH |
|---|
| Tucson Toros batting - Pitching for Spokane Indians : RHP Sandy Vance | | Batting: RHB Ken Macha | 0-0: Called Strike 0-1: Ball 1-1: Called Strike 1-2: Ground out 5-3 (Groundball, 56) | | Batting: RHB Jim Unknown | 0-0: Called Strike 0-1: Ball 1-1: Foul Ball, location: 2F 1-2: Strikes out swinging | | Batting: LHB Roger Repoz | 0-0: Foul Ball, location: 2F 0-1: Ball 1-1: Ground out 4-3 (Groundball, 4) | | Bottom of the 6th over - 0 runs, 0 hits, 0 errors, 0 left on base; Spokane 3 - Tucson 2 | | TOP OF THE 7TH |
|---|
| Spokane Indians batting - Pitching for Tucson Toros : RHP Ray Burris | | Batting: RHB Bobby Valentine | 0-0: Ball 1-0: Fly out, F9 (Flyball, 89S) | | Batting: RHB Ron Theobald | 0-0: Ball 1-0: DOUBLE (Line Drive, 7LD) | | Pitching: LHP Ken Frailing | | | Batting: LHB Royle Stillman | 0-0: Ball 1-0: Fly out, F7 (Flyball, 7) | | Batting: RHB Chris Speier | 0-0: Ball 1-0: Called Strike 1-1: Foul Ball, location: 2F 1-2: Ground out 5-3 (Groundball, 5S) | | Top of the 7th over - 0 runs, 1 hit, 0 errors, 1 left on base; Spokane 3 - Tucson 2 | | BOTTOM OF THE 7TH |
|---|
| Tucson Toros batting - Pitching for Spokane Indians : RHP Sandy Vance | | Batting: LHB Scott Reid | 0-0: Called Strike 0-1: Foul Ball, location: 2F 0-2: Strikes out looking | | Batting: RHB Jim Unknown | 0-0: Ball 1-0: Called Strike 1-1: Ball 2-1: SINGLE (Flyball, 7S) | | Pitching: RHP Richard Dorsch | | | Batting: RHB Brian Downing | 0-0: Ball 1-0: Ground out U3 (Groundball, 34S) Jim Unknown to second | | Batting: LHB Mitchell Page | 0-0: Ball 1-0: Fly out, F7 (Line Drive, 7) | | Bottom of the 7th over - 0 runs, 1 hit, 0 errors, 1 left on base; Spokane 3 - Tucson 2 | | TOP OF THE 8TH |
|---|
| Spokane Indians batting - Pitching for Tucson Toros : LHP Ken Frailing | | Batting: SHB Bob Stinson | 0-0: Ball 1-0: Fly out, F9 (Line Drive, 9) | | Batting: RHB Stan Swanson | 0-0: Ball 1-0: Called Strike 1-1: Foul Ball, location: 2F 1-2: Strikes out swinging | | Batting: LHB Jerry Feldman | 0-0: Ball 1-0: Foul Ball, location: 2F 1-1: Foul Ball, location: 2F 1-2: Ground out 3-1 (Groundball, 34S) | | Top of the 8th over - 0 runs, 0 hits, 0 errors, 0 left on base; Spokane 3 - Tucson 2 | | BOTTOM OF THE 8TH |
|---|
| Tucson Toros batting - Pitching for Spokane Indians : RHP Richard Dorsch | | Batting: RHB Ossie Blanco | 0-0: Ball 1-0: Foul Ball, location: 2F 1-1: Fly out, F8 (Flyball, 78M) | | Batting: RHB Buddy Bradford | 0-0: Foul Ball, location: 2F 0-1: SOLO HOME RUN (Flyball, 7D), Distance : 376 ft | | Batting: RHB Ken Macha | 0-0: Ball 1-0: Ground out 3-1 (Groundball, 34S) | | Pinch Hitting: RHB Ron Lolich | 0-0: Ball 1-0: Swinging Strike 1-1: Ball 2-1: Foul Ball, location: 2F 2-2: Foul Ball, location: 2F 2-2: SINGLE (Groundball, 56D) | | Batting: LHB Roger Repoz | 0-0: Ball 1-0: Called Strike 1-1: Ball 2-1: Swinging Strike 2-2: Ball 3-2: Strikes out swinging | | Bottom of the 8th over - 1 run, 2 hits, 0 errors, 1 left on base; Spokane 3 - Tucson 3 | | TOP OF THE 9TH |
|---|
| Spokane Indians batting - Pitching for Tucson Toros : LHP Ken Frailing | | Pitching: RHP Jim Hannan | | | Now in LF: Ron Lolich | | | Batting: RHB Tommy Davis | 0-0: Called Strike 0-1: Ball 1-1: Foul Ball, location: 2F 1-2: SINGLE (Groundball, 34D) | | Batting: RHB Felipe Alou | 0-0: SINGLE (Groundball, 6MD) Tommy Davis to second Tommy Davis to third | | Batting: RHB Bobby Valentine | 0-0: Ball 1-0: Ground out 6-3 (Groundball, 56) Felipe Alou to second | | Batting: RHB Ron Theobald | 0-0: Ball 1-0: SINGLE (Line Drive, 34) Tommy Davis scores Felipe Alou to third | | Batting: LHB Royle Stillman | 0-0: Ball 1-0: Called Strike 1-1: Fly out, F5 (Popup, 5SF) | | Batting: RHB Chris Speier | 0-0: Called Strike 0-1: SINGLE (Groundball, 4MD) Felipe Alou scores Ron Theobald to second Runner from 2nd tries for 3rd, SAFE, no throw | | Batting: SHB Bob Stinson | 0-0: Ball 1-0: Ball 2-0: Ball 3-0: Called Strike 3-1: Base on Balls Chris Speier to second | | Batting: RHB Stan Swanson | 0-0: Called Strike 0-1: Called Strike 0-2: Fielders Choice at 2nd, 6-4 (Groundball, 6) | | Top of the 9th over - 2 runs, 4 hits, 0 errors, 3 left on base; Spokane 5 - Tucson 3 | | BOTTOM OF THE 9TH |
|---|
| Tucson Toros batting - Pitching for Spokane Indians : RHP Richard Dorsch | | Now at 1B: Ron Estes | | | Batting: LHB Scott Reid | 0-0: Ball 1-0: Ball 2-0: Called Strike 2-1: Ball 3-1: Foul Ball, location: 2F 3-2: Base on Balls | | Pinch Hitting: RHB Adolfo Phillips | 0-0: Fielders Choice at 2nd, 5-4 (Groundball, 5) | | Batting: RHB Brian Downing | 0-0: Ball 1-0: Called Strike 1-1: Ball 2-1: Swinging Strike 2-2: Strikes out swinging | | Batting: LHB Mitchell Page | 0-0: Foul Ball, location: 2F 0-1: Ball 1-1: Ball Wild Pitch! Adolfo Phillips to second 2-1: Ground out 4-3 (Groundball, 4M) | | Bottom of the 9th over - 0 runs, 0 hits, 0 errors, 1 left on base; Spokane 5 - Tucson 3 | |